 Dungeon Crawl Stone Soup version 0.28-a0-1190-g77e1c55843 (webtiles) character file.

Game seed: 12258824165366985273

188 fragbeetle the Changer (level 5, -2/40 HPs)
             Began as a Merfolk Transmuter on Dec 19, 2021.
             Slain by a scorpion (7 damage)
             ... on level 3 of the Dungeon.
             The game lasted 00:06:59 (3888 turns).

fragbeetle the Changer (Merfolk Transmuter)         Turns: 3888, Time: 00:07:00

Health: -2/40      AC:  3    Str: 14    XL:     5   Next: 67%
Magic:  7/8        EV: 13    Int: 12    God:
Gold:   197        SH:  0    Dex: 15    Spells: 0/8 levels left

rFire   . . .      SeeInvis .     - Unarmed
rCold   . . .      Faith    .   (no shield)
rNeg    . . .      Spirit   .   a - +0 robe
rPois   .          Reflect  .   (helmet currently unavailable)
rElec   .          Harm     .   (no cloak)
rCorr   .          Rampage  .   r - +0 pair of gloves
Will    .....                   (boots currently unavailable)
Stlth   +.........              (no amulet)
HPRegen 0.13/turn               (no ring)
MPRegen 0.11/turn               (no ring)

@: lethally poisoned (-2 -> -9), appendages
A: horns 2, (nimble swimmer 2), mertail, strong 1
a: End Transformation


You were on level 3 of the Dungeon.
You had temporarily grown beastly horns.
You visited 1 branch of the dungeon, and saw 4 of its levels.

You collected 197 gold pieces.

Inventory:

Missiles
 l - 3 atropa-tipped darts
Armour
 a - a +0 robe (worn)
 f - a +0 helmet (melded)
 r - a +0 pair of gloves (worn)
Magical Staves
 u - a staff of fire
Scrolls
 b - 4 scrolls of identify {unknown}
 c - a scroll of noise {unknown}
 d - a scroll of holy word {unknown}
 e - a scroll of silence {unknown}
 g - 3 scrolls of teleportation {unknown}
 h - a scroll of magic mapping {unknown}
 k - 3 scrolls of summoning {unknown}
 m - a scroll of fear {unknown}
 p - 3 scrolls of amnesia {unknown}
 s - a scroll of enchant weapon {unknown}
Potions
 j - a potion of might {unknown}
 n - a potion of ambrosia {unknown}
 o - a potion of attraction {unknown}
 q - a potion of heal wounds {unknown}
 t - a potion of haste {unknown}


   Skills:
 + Level 2.9 Fighting
 - Level 3.2 Dodging
 + Level 4.3 Unarmed Combat
 - Level 2.0 Spellcasting
 + Level 4.4 Transmutations
 + Level 0.8 Ice Magic
 + Level 2.0 Poison Magic


You couldn't memorise any spells.
You knew the following spells:

 Your Spells              Type           Power      Damage    Failure   Level
a - Beastly Appendage     Tmut           22%        N/A       4%          1
b - Spider Form           Tmut/Pois      9%         N/A       22%         3
c - Ice Form              Ice/Tmut       7%         N/A       67%         4

Your spell library contained the following spells:

 Spells                   Type           Power      Damage    Failure   Level
 Wereblood                Tmut           11%        N/A       7%          2
 Static Discharge         Conj/Air       1%         N/A       38%         2
 Dispel Undead            Necr           1%         3d6       95%         4
 Sticky Flame             Conj/Fire      1%         2d3       95%         4


Dungeon Overview and Level Annotations

Branches:
Dungeon (4/15)
 Temple: D:4-7

Altars:


Innate Abilities, Weirdness & Mutations

You have temporarily grown beastly horns.
((You are quick and stealthy near water. (Stealth+, EV+, Speed+++)))
Your lower body shifts to a powerful aquatic tail in water.
Your muscles are strong. (Str +2)


Message History

Your horns disappear.
Your +0 helmet unmelds from your body.
You now have 197 gold pieces (gained 20).
Okay, then.
A scorpion, an orc, an orc priest and an orc wizard come into view.
The orc is wielding a +1 dagger of flaming.
The orc priest is wielding a +2 dagger of venom.
Found 23 stones.
The orc shouts!
The orc priest shouts!
An orc comes into view. It is wielding a +0 short sword.
An orc comes into view. It is wielding a +0 dagger.
The orc wizard moves out of view.
The orc priest mumbles some strange prayers to Beogh against you.
Beogh smites you!
There is a stone staircase leading up here.
The orc priest mumbles some strange prayers to Beogh against you.
Beogh smites you! The scorpion closely misses you.
You climb upwards.
There is a stone staircase leading down here.
Okay, then.
Casting: Beastly Appendage (safe; 4% risk of failure)
Confirm with . or Enter, or press ? or * to list all spells.
You grow a pair of large bovine horns.
Your +0 helmet melds into your body.
The scorpion stings you but does no damage.
You closely miss the scorpion. Your headbutt misses the scorpion.
The scorpion stings you.
You hit the scorpion but do no damage.
The scorpion stings you but does no damage.
You completely miss the scorpion. The scorpion stings you.
* * * LOW HITPOINT WARNING * * *
You are lethally poisoned!
The scorpion poisons you!
You hit the scorpion but do no damage.
* * * LOW HITPOINT WARNING * * *
You feel very sick. The scorpion closely misses you.
The scorpion barely misses you.
It was a potion of mutation.
You feel extremely strange.
You feel stronger.
* * * LOW HITPOINT WARNING * * *
You feel sick. The scorpion stings you!
You die...

#.#####.#.........###..####.
#.# #.#...#####.# #.†..... #.#
#.....# #.# #...#### #.#
#.#..## #.# #...####
#.#####.#..# #.# #.......
#.......#..######.# ##.....#
####.####......##.# #...##. #.#
#.####.##[# #...### ##### ##.##
#.s@......# #...# #
##...###...#######..#### #...#
..###.........####.## #...# .##
##...>.....##...#### #...# .#
#.......#......)..####...# .##
##.........##...##........#
#.###.##...##.####.########..##
##...####.....####.########..#
#########..........#.........#


You could see a scorpion.

Vanquished Creatures
  7 gnolls
  4 adders
  A shadow imp (D:3)
  An adder skeleton (D:4)
  2 worms
  3 dart slugs
  An orc (D:3)
  6 ball pythons
  4 endoplasms
  2 giant cockroaches (D:3)
  10 goblins
  4 hobgoblins
  3 jackals (D:1)
  6 bats
  6 kobolds
  4 rats
  A spectral goblin (D:1)
65 creatures vanquished.

Vanquished Creatures (others)
  A plant (D:3)
1 creature vanquished.

Grand Total: 66 creatures vanquished

Notes
Turn   | Place    | Note
-------+----------+-------------------------------------------
     0 | D:1      | fragbeetle the Merfolk Transmuter began the quest for the
                  | Orb.
     0 | D:1      | Reached XP level 1. HP: 15/15 MP: 3/3
   173 | D:1      | Reached XP level 2. HP: 21/21 MP: 3/5
   392 | D:1      | Found a faded altar of an unknown god.
   621 | D:1      | Reached XP level 3. HP: 22/27 MP: 4/6
   625 | D:1      | Learned a level 3 spell: Spider Form
  1297 | D:2      | Reached skill level 1 in Poison Magic
  1297 | D:2      | Reached XP level 4. HP: 22/33 MP: 5/7
  1890 | D:2      | Reached XP level 5. HP: 27/39 MP: 3/8
  1933 | D:2      | Learned a level 4 spell: Ice Form
  3888 | D:3      | Gained mutation: Your muscles are strong. (Str +2) [potion
                  | of mutation]
  3888 | D:3      | Slain by a scorpion

Illustrated notes

Levels and vault maps discovered:
D:1:      evilmike_arrival_plus, layout_rooms,
          dreamdust_ecumenical_altar_drowned_temple
D:2:      layout_rooms, serial_rivers, chequers_serial_rivers_small_3,
          chequers_serial_rivers_large_a, chequers_serial_rivers_room_b,
          chequers_serial_rivers_micro_d, chequers_serial_rivers_room_b,
          chequers_serial_rivers_room_b
D:3:      layout_loops_ring, serial_bayou_ford_a
D:4:      layout_loops_corners, beargit_hepliaklqana_dungeon_heroes,
          dk_vineyard_1

Skill      XL: |  1  2  3  4  5 |
---------------+----------------+-----
Dodging        | 3 |  3.2
Transmutations | 3 4 |  4.4
Fighting       | 2 |  2.9
Poison Magic   | 1 2 |  2.0
Unarmed Combat | 4 |  4.3
Spellcasting   | |  2.0
Ice Magic      | |  0.8

Action                   |  1- 3 |  4- 6 || total
-------------------------+-------+-------++-------
Melee: Unarmed           |    79 |   141 ||   220
       Headbutt          |    11 |    17 ||    28
       Punch             |     2 |     2 ||     4
 Cast: Beastly Appendage |    19 |    33 ||    52
       Spider Form       |       |     1 ||     1
  Use: Potion            |       |     1 ||     1
 Stab: Sleeping          |       |     1 ||     1
Armor: Robe              |    12 |    20 ||    32
       Skin              |       |     1 ||     1
Dodge: Dodged            |    52 |    73 ||   125

Table legend: (Time is in decaauts)
 A = Elapsed time spent in this place.
 B = Non-inter-level travel time spent in this place.
 C = Inter-level travel time spent in this place.
 D = Time resting spent in this place.
 E = Time spent auto-exploring this place.
 F = Levels seen in this place.
 G = Mean time per level.
                   A        B        C        D        E       F      G
               +--------+--------+--------+--------+--------+-----+--------+
         Total |   3822 |   3732 |     90 |    817 |   2086 |   4 |  955.5 |
       Dungeon |   3822 |   3732 |     90 |    817 |   2086 |   4 |  955.5 |
               +--------+--------+--------+--------+--------+-----+--------+

Top non-repeatable levels by time:
     D:1: 1324 daAuts
     D:3: 1193 daAuts
     D:2: 979 daAuts
     D:4: 325 daAuts
